 Dungeon Sprint DCSS version 0.32-a0-876-gcfddb08e57 (webtiles) character file.

Game seed: 7071393002701188347

805 Conn the Destroyer (level 7, 0/52 HPs)
             Began as an Octopode Fire Elementalist on Apr 1, 2024.
             Was an Elder of Sif Muna.
             Killed by nerve-wracking pain
             ... invoked by an orc priest
              (9 damage)
             ... in the Dungeon (Sprint VII: "The Pits").
             The game lasted 00:04:00 (457 turns).

Conn the Destroyer (Octopode Fire Elementalist)      Turns: 457, Time: 00:04:01

Health: 0/52       AC:  8    Str:  7    XL:     7   Next: 91%
Magic:  1/18       EV: 14    Int: 19    God:    Sif Muna [****..]
Gold:   0          SH:  0    Dex: 13    Spells: 12/22 levels left

rFire   . . .        l - +2 mace (protect)
rCold   . . .        (no shield)
rNeg    . . .        (helmet restricted)
rPois   .            (no amulet)
rElec   .            (no ring)
rCorr   .            (no ring)
SInv    .            (no ring)
Will    .....        (no ring)
Stlth   +++          (no ring)
HPRegen 0.28/turn    (no ring)
MPRegen 0.16/turn    (no ring)
                     (no ring)

%: no teleportation
@: under a protective aura
A: almost no armour, amphibious, 8 rings, camouflage 1, gelatinous body 1,
(nimble swimmer 1), tentacles
a: Renounce Religion, Channel Magic, Forget Spell, Divine Exegesis


You were in the Dungeon.
You worshipped Sif Muna.
Sif Muna was greatly pleased with you.
You visited 1 branch

Inventory:

Hand Weapons
 g - a +2 falchion of holy wrath
 l - a +2 mace of protection (weapon)
Scrolls
 f - a scroll of blinking
 i - 2 scrolls of vulnerability
 j - 5 scrolls of amnesia
 k - a scroll of summoning
Potions
 a - 5 potions of magic
 b - 6 potions of curing
 c - 6 potions of heal wounds
 d - a potion of haste
 e - 3 potions of berserk rage
 h - 2 potions of invisibility


   Skills:
 + Level 6.1 Fighting
 + Level 6.5 Dodging
 - Level 2.6 Stealth
 * Level 8.1 Spellcasting
 * Level 8.6 Conjurations
 + Level 3.0 Hexes
 + Level 6.7 Fire Magic
 + Level 3.3 Invocations


You had 12 spell levels left.
You knew the following spells:

 Your Spells              Type           Power      Damage    Failure   Level
a - Foxfire               Conj/Fire      100%       2x1d9     1%          1
b - Scorch                Fire           66%        2d7       1%          2
c - Inner Flame           Hex/Fire       26%        N/A       3%          3
d - Flame Wave            Conj/Fire      37%        2d10      3%          4

Your spell library contained the following spells:

 Spells                   Type           Power      Damage    Failure   Level
 Volatile Blastmotes      Fire/Tloc      40%        2d13      7%          3


Dungeon Overview and Level Annotations

Branches:
Dungeon (1/1)

Altars:
Ashenzari
Cheibriados
Dithmenos
Elyvilon
Fedhas
Gozag
Hepliaklqana
Kikubaaqudgha
Makhleb
Nemelex Xobeh
Okawaru
Qazlal
Ru
Sif Muna
Trog
Uskayaw
Vehumet
Wu Jian
Xom
Yredelemnul
Zin
The Shining One
Beogh
Jiyva
Lugonu


Innate Abilities, Weirdness & Mutations

You cannot wear most types of armour.
You are amphibious.
You can wear up to eight rings at the same time.
Your skin changes colour to match your surroundings (Stealth+).
Your rubbery body absorbs attacks. (AC +1, EV +1)
((You are camouflaged when in or above water. (Stealth+)))
You have tentacles for arms and can constrict up to eight enemies at once.


Message History

The orc warrior is moderately wounded.
The foxfire hits the orc warrior but does no damage.
The orc warrior is moderately wounded.
Unknown command.
You barely miss the orc warrior. You grab the orc warrior.
The orc warrior is moderately wounded.
You constrict the orc warrior!
Flame seeps out of the orc warrior.
The orc warrior is engulfed in blazing flames.
Flame seeps out of the orc warrior.
The orc warrior struggles to escape constriction.
An orc priest comes into view. It is wielding a +0 club.
You hit the orc warrior but do no damage.
Your weapon exudes an aura of protection.
The orc warrior is almost dead.
You constrict the orc warrior.
Flame seeps out of the orc warrior.
The orc warrior is engulfed in blazing flames.
Sif Muna accepts your kill.
The orc warrior explodes!
The fiery explosion engulfs you!!
Ouch! That really hurt!
Your Fighting skill increases to level 6!
Your Spellcasting skill increases to level 8!
Your Hexes skill increases to level 3!
Unknown command.
Unknown command.
Unknown command.
Unknown command.
Press: ? - help, v - describe, . - travel, g - get item
Items here: a +0 short sword; a +0 plate armour.
The floor.
There is a cloud of flame here.
Unknown command.
Unknown command.
Unknown command.
Unknown command.
You are engulfed in blazing flames.
* * * LOW HITPOINT WARNING * * *
The orc priest mumbles some strange prayers to Beogh against you.
Pain shoots through your body!
You die...

# # #
###########++######
##................#
##......#..#......#
##.............§§§+
.'..........o..§@§+
##......#..#...§§§#
##................#
#####'#####++######
##.......#
##.......#
##.......#
##...<...#
##.......#


You could see an orc priest.

Vanquished Creatures
  3 glass eyes (D)
  An orc warrior (D)
  2 brain worms (D)
  A hound (D)
  A gnoll (D)
  An adder (D)
  A giant cockroach (D)
  A hobgoblin (D)
  6 jackals (D)
  A frilled lizard (D)
  A kobold (D)
19 creatures vanquished.

Vanquished Creatures (others)
  13 foxfires (D)
13 creatures vanquished.

Grand Total: 32 creatures vanquished

Notes
Turn   | Place    | Note
-------+----------+-------------------------------------------
     0 | D        | Conn the Octopode Fire Elementalist began the quest for the
                  | Orb.
     0 | D        | Reached XP level 1. HP: 11/11 MP: 3/3
    10 | D        | Noticed a glass eye
    26 | D        | Killed a glass eye
    27 | D        | Reached skill level 5 in Spellcasting
    27 | D        | Reached skill level 5 in Conjurations
    27 | D        | Reached skill level 5 in Fire Magic
    27 | D        | Reached XP level 2. HP: 22/22 MP: 1/8
    27 | D        | Reached XP level 3. HP: 27/27 MP: 1/10
    27 | D        | Reached XP level 4. HP: 33/33 MP: 1/11
    27 | D        | Reached XP level 5. HP: 37/37 MP: 1/13
    35 | D        | Found a glowing golden altar of the Shining One.
    35 | D        | Found a glowing silver altar of Zin.
    35 | D        | Found a basalt altar of Yredelemnul.
    35 | D        | Found a shimmering altar of Xom.
    35 | D        | Found an ornate altar of the Wu Jian Council.
    35 | D        | Found a bloodstained altar of Trog.
    35 | D        | Found a shimmering blue altar of Sif Muna.
    35 | D        | Found a sacrificial altar of Ru.
    35 | D        | Found a stormy altar of Qazlal.
    35 | D        | Found an iron altar of Okawaru.
    35 | D        | Found a sparkling altar of Nemelex Xobeh.
    35 | D        | Found a burning altar of Makhleb.
    35 | D        | Found a viscous altar of Jiyva.
    35 | D        | Found a hazy altar of Hepliaklqana.
    35 | D        | Found an opulent altar of Gozag.
    35 | D        | Found a blossoming altar of Fedhas.
    35 | D        | Found a white marble altar of Elyvilon.
    35 | D        | Found a shadowy altar of Dithmenos.
    35 | D        | Found a snail-covered altar of Cheibriados.
    36 | D        | Found a radiant altar of Vehumet.
    36 | D        | Found a corrupted altar of Lugonu.
    36 | D        | Found a roughly hewn altar of Beogh.
    37 | D        | Found an ancient bone altar of Kikubaaqudgha.
    37 | D        | Found a hide-covered altar of Uskayaw.
    37 | D        | Found a broken altar of Ashenzari.
    38 | D        | Became a worshipper of Sif Muna the Loreminder
   119 | D        | Noticed a glass eye
   123 | D        | Learned a level 2 spell: Scorch
   127 | D        | Learned a level 3 spell: Inner Flame
   132 | D        | Learned a level 4 spell: Flame Wave
   137 | D        | Killed a glass eye
   138 | D        | Reached skill level 5 in Fighting
   138 | D        | Reached skill level 5 in Dodging
   138 | D        | Reached XP level 6. HP: 45/45 MP: 1/15
   235 | D        | Reached * piety under Sif Muna
   271 | D        | Noticed a glass eye
   278 | D        | Reached ** piety under Sif Muna
   279 | D        | Reached skill level 1 in Hexes
   279 | D        | Reached skill level 1 in Invocations
   279 | D        | Killed a glass eye
   280 | D        | Reached XP level 7. HP: 43/51 MP: 5/18
   315 | D        | Reached *** piety under Sif Muna
   405 | D        | Reached **** piety under Sif Muna
   457 | D        | Killed from afar by an orc priest

Illustrated notes

Levels and vault maps discovered:
D:        pitsprint [storerooms_1, entrance_room_1, metal_vault_4, armoury_1,
          mini_pit_1, grid_room_1, main_hall_1, silver_pit, the_coven_1,
          the_vestibule_1, steel_vault_2, golden_pit, hallway_of_sentries,
          crystal_vault_1, iron_vault_2, final_vault]

Skill      XL: |  1  2  3  4  5  6  7 |
---------------+----------------------+-----
Fighting       | 3 5 6 |  6.1
Dodging        | 4 5 6 |  6.5
Spellcasting   | 5 6 7 8 |  8.1
Conjurations   | 5 7 8 |  8.6
Fire Magic     | 5 6 |  6.7
Hexes          | 2 3 |  3.0
Invocations    | 2 3 |  3.3
Stealth        | |  2.6

Action                     |  1- 3 |  4- 6 |  7- 9 || total
---------------------------+-------+-------+-------++-------
  Melee: Unarmed           |    12 |       |       ||    12
         Tentacles         |     4 |     2 |     1 ||     7
         Constrict         |     1 |     1 |     3 ||     5
         Falchion          |       |     4 |     4 ||     8
         Mace              |       |       |     2 ||     2
   Cast: Foxfire           |     3 |     1 |     4 ||     8
         Scorch            |       |     6 |     3 ||     9
         Inner Flame       |       |     2 |     6 ||     8
 Armour: Skin              |       |     5 |     3 ||     8
  Dodge: Dodged            |       |     5 |     3 ||     8

Table legend: (Time is in decaauts)
 A = Elapsed time spent in this place.
 B = Non-inter-level travel time spent in this place.
 C = Inter-level travel time spent in this place.
 D = Time resting spent in this place.
 E = Time spent auto-exploring this place.
 F = Levels seen in this place.
 G = Mean time per level.
                   A        B        C        D        E       F      G
               +--------+--------+--------+--------+--------+-----+--------+
         Total |    459 |    459 |      0 |    216 |      0 |   1 |  459.0 |
       Dungeon |    459 |    459 |      0 |    216 |      0 |   1 |  459.0 |
               +--------+--------+--------+--------+--------+-----+--------+

Top non-repeatable levels by time:
       D: 459 daAuts
